 Dungeon Crawl Stone Soup version 0.31-a0-1202-ga8fea8b373 (webtiles) character file.

Game seed: 8621764303279454893

146570 Absurdism the Tortoise (level 17, -4/152 HPs)
             Began as a Hill Orc Fighter on Dec 12, 2023.
             Was an Initiate of Gozag.
             Slain by a naga warrior
             ... wielding a +0 short sword
             ... created by the fury of Okawaru
              (12 damage)
             ... on level 3 of the Swamp.
             The game lasted 01:00:05 (25280 turns).

Absurdism the Tortoise (Hill Orc Fighter)          Turns: 25280, Time: 01:00:05

Health: -4/152     AC: 45    Str: 25    XL:     17   Next: 44%
Magic:  17/17      EV: 12    Int: 11    God:    Gozag
Gold:   1600       SH:  9    Dex: 13    Spells: 16/16 levels left

rFire   . . .        A - +8 broad axe (heavy)
rCold   . . .        c - +1 buckler
rNeg    + + +        l - +12 crystal plate armour of Shadows and Fog {-Tele Fly rPois rN+++}
rPois   +            y - +1 hat {SInv}
rElec   +            a - scarf {repulsion}
rCorr   .            E - +4 pair of gloves of Vampiric Thralls {rElec Int+3 Dex+3}
SInv    +            (no boots)
Will    ++...        p - amulet of regeneration Stlth
                     M - ring of willpower
HPRegen 1.25/turn    B - +5 ring of evasion
MPRegen 0.15/turn

%: no teleportation, repel missiles
@: flying, constricted
A: weak 1
a: Renounce Religion, Potion Petition, Call Merchant, Bribe Branch


You were on level 3 of the Swamp.
You worshipped Gozag.
Gozag was most pleased with you.
You visited 6 branches of the dungeon, and saw 28 of its levels.

You collected 4319 gold pieces.
You spent 1841 gold pieces at shops.
You paid 878 gold pieces to Gozag.

Inventory:

Hand Weapons
 A - a +8 heavy broad axe (weapon)
Missiles
 m - 4 silver javelins
 J - a throwing net
Armour
 a - a scarf of repulsion (worn)
 c - a +1 buckler (worn)
 l - the +12 crystal plate armour of Shadows and Fog (worn) {-Tele Fly rPois rN+++}
   (You acquired it on level 7 of the Dungeon)

   rPois:     It protects you from poison rN+++: It renders you almost immune to
   negative energy.
   Fly:       It grants you flight.
   -Tele:     It prevents most forms of teleportation.
 y - a +1 hat of see invisible (worn)
 E - the +4 pair of gloves of Vampiric Thralls (worn) {rElec Int+3 Dex+3}
   (Okawaru gifted it to you on level 14 of the Dungeon)

   Int+3:     It affects your intelligence (+3).
   Dex+3:     It affects your dexterity (+3).
   rElec:     It insulates you from electricity.
Jewellery
 k - a ring of protection from fire
 p - an amulet of regeneration (around neck)
 B - a +5 ring of evasion (right hand)
 L - a ring of positive energy
 M - a ring of willpower (left hand)
Wands
 s - a wand of digging (18)
 v - a wand of paralysis (18)
 z - a wand of polymorph (14)
 D - a wand of mindburst (5)
Scrolls
 b - 8 scrolls of identify
 f - a scroll of poison
 h - 2 scrolls of fear
 r - 4 scrolls of revelation
 t - 7 scrolls of teleportation
 u - 3 scrolls of fog
 x - 4 scrolls of immolation
 H - 3 scrolls of enchant armour
 O - 3 scrolls of silence
 Q - 3 scrolls of blinking
Potions
 d - 3 potions of might
 e - 6 potions of enlightenment
 g - 2 potions of mutation
 i - 2 potions of lignification
 n - 2 potions of attraction
 o - 6 potions of curing
 q - 3 potions of heal wounds
 w - 2 potions of brilliance
 C - 3 potions of magic
 F - 2 potions of invisibility
 G - 2 potions of haste
 I - a potion of resistance
 K - a potion of berserk rage
 N - 2 potions of cancellation


   Skills:
 - Level 14.2 Fighting
 - Level 18.1 Axes
 - Level 20.1 Armour
 - Level 12.6 Dodging
 + Level 15.6 Shields


You had 16 spell levels left.
You didn't know any spells.
Your spell library contained the following spells:

 Spells                   Type           Power      Damage    Failure   Level
 Apportation              Tloc           0%         N/A       99%         1
 Magic Dart               Conj           0%         1d3       99%         1
 Necrotise                Necr           0%         1d4       99%         1
 Summon Small Mammal      Summ           0%         N/A       99%         1
 Blink                    Tloc           0%         N/A       100%        2
 Call Imp                 Summ           0%         N/A       100%        2
 Ensorcelled Hibernation  Hex/Ice        0%         N/A       100%        2
 Jinxbite                 Hex            0%         N/A       100%        2
 Lesser Beckoning         Tloc           0%         N/A       100%        2
 Momentum Strike          Conj/Tloc      0%         3d8       100%        2
 Scorch                   Fire           0%         2d5       100%        2
 Call Canine Familiar     Summ           0%         N/A       100%        3
 Hailstorm                Conj/Ice       0%         3d5       100%        3
 Ignite Poison            Fire/Tmut/Pois 0%         N/A       100%        3
 Mephitic Cloud           Conj/Pois/Air  0%         N/A       100%        3
 Summon Guardian Golem    Hex/Summ       0%         N/A       100%        3
 Vampiric Draining        Necr           0%         2d6       100%        3
 Anguish                  Hex/Necr       0%         N/A       100%        4
 Flame Wave               Conj/Fire      0%         2d4       100%        4
 Manifold Assault         Tloc           0%         N/A       100%        4
 Sticky Flame             Conj/Fire      0%         2d3       100%        4
 Summon Ice Beast         Ice/Summ       0%         N/A       100%        4
 Agony                    Necr           0%         N/A       100%        5
 Alistair's Intoxication  Tmut/Pois      0%         N/A       100%        5
 Borgnjor's Vile Clutch   Necr/Erth      0%         N/A       100%        5
 Dispersal                Tloc           0%         N/A       100%        6
 Eringya's Noxious Bog    Tmut/Pois      0%         4d6       100%        6
 Summon Cactus Giant      Summ           0%         N/A       100%        6
 Disjunction              Tloc           0%         N/A       100%        8
 Ignition                 Fire           0%         3d3       100%        8
 Simulacrum               Ice/Necr       Unusable   N/A       N/A         6

Dungeon Overview and Level Annotations

Branches:
Dungeon (15/15) Temple (1/1) D:6 Lair (5/5) D:11 Swamp (4/4) Lair:2 Spider (0/4) Lair:3 Slime (0/5) Lair:4 Orc (2/2) D:10 Elf (0/3) Orc:2 Vaults (0/5) D:13 D:14 Depths (1/4) D:15

Altars:
Ashenzari
Cheibriados
Dithmenos
Elyvilon
Fedhas
Gozag
Hepliaklqana
Kikubaaqudgha
Makhleb
Nemelex Xobeh
Okawaru
Qazlal
Ru
Sif Muna
Trog
Uskayaw
Vehumet
Wu Jian
Xom
Yredelemnul
Zin
The Shining One
Beogh
Lugonu

Shops:
D:3 !   D:4 *   D:5 *   D:6 *   D:9 *   Orc:1 *   Orc:2 !![*

Portals:
Abyss: Lair:5

Annotations:
D:4 2 transporters, Azuvok's ghost, amateur MiGl
D:9 3 runed translucent doors, exclusion: obsidian statue, chuckiee3's ghost, journeyman MiFi
D:13 2 transporters, RuneEnjoyer's ghost, journeyman HOFi
D:14 exclusion: orange crystal statue
Lair:5 exclusion: oklob plant


Innate Abilities, Weirdness & Mutations

You are weak. (Str -2)


Message History

You slice the merfolk impaler like a ripe choko!!!
You kill the merfolk impaler!
That felt strangely unrewarding.
You closely miss the naga warrior. You barely miss the frost giant.
You hit the orc.
The naga warrior hits you with a +0 short sword.
The naga warrior constricts you. The orc barely misses you.
You block the frost giant's attack. The naga warrior spits poison at you.
The splash of poison is repelled.
The splash of poison hits the orc!
The orc is poisoned.
The orc dies!
The naga warrior constricts you.
* * * LOW HITPOINT WARNING * * *
You closely miss the naga warrior.
The naga warrior is severely wounded.
You closely miss the orc warlord. You slice the frost giant!!
You block the orc warlord's attack.
The frost giant points at you and mumbles some strange words.
The bolt of cold hits you!!
* * * LOW HITPOINT WARNING * * *
The naga warrior hits you with a +0 short sword!
* * * LOW HITPOINT WARNING * * *
The naga warrior constricts you.
Unknown command.
You hit the frost giant.
The frost giant is almost dead.
You slice the titan!! You slash the naga warrior! You slash the orc warlord!
The orc warlord closely misses you. You block the frost giant's attack.
The titan hits you.
* * * LOW HITPOINT WARNING * * *
You block the naga warrior's attack. The naga warrior constricts you.
The orc warlord hits you but does no damage.
Unknown command.
You cut the frost giant into ribbons!!!
You kill the frost giant!
That felt strangely unrewarding.
You barely miss the naga warrior. You barely miss the orc warlord.
You barely miss the titan.
The naga warrior hits you with a +0 short sword!
You die...
Your body crumbles into a pile of gold.

♣..♣♣♣♣♣♣♣♣♣~~~~~.♣ ♣~~~.♣♣♣♣.
♣♣... ♣♣.~~~~§~♣ ♣~~~.♣♣~..
♣♣♣....♣♣♣♣♣♣.~~~..~♣♣ ♣...♣♣~.~.
.~~~..~..♣..~~~..♣♣♣♣♣ ♣~.....~~
.~~~.♣~~~.~.~~.~♣♣ ♣~♣♣♣ ♣..~~.~§
~~~~.♣..~~.....♣♣♣♣♣.~.♣ ♣.~~.~..
~~~.<.~~~~.~♣♣~~~♣♣.~~.♣♣♣.~~♣♣♣.
~~...~~~...♣♣~~No♣.~~~~~♣♣♣.~♣ ♣.
♣♣...~~.♣~♣♣~.[@♣.~~~§.♣♣..♣♣ ♣♣
♣♣♣......♣♣♣♣♣♣C♣~~~~.....♣
♣~.~~~~..♣..~♣..........♣♣
♣♣.~~~~.♣.~~♣...♣~♣♣~..♣♣
♣..~§...>..~~~♣♣♣♣♣♣~..♣
♣♣~.~...~§~~~.~♣ ♣♣.~.♣
♣♣♣♣♣.~~~~~~.~♣ ♣~..♣♣
♣♣......♣♣♣ ♣~♣♣♣ ♣♣♣♣♣♣♣♣ ♣♣♣


You could see an orc warlord, a titan and a naga warrior (strong).

Vanquished Creatures
  A lich (D:15)
  2 deep elf master archers
  3 titans (Swamp:3)
  Gastronok (D:8)
  A tengu reaver (Depths:1)
  A fenstrider witch (Swamp:1)
  Agnes (D:14)
  Aizul (Swamp:3)
  3 fire giants (Swamp:3)
  3 frost giants
  A caustic shrike zombie (Depths:1)
  3 orc warlords
  3 stone giants
  3 eleionomae
  4 bunyips
  A purple draconian (Swamp:4)
  A shambling mangrove (Swamp:1)
  An ettin (D:15)
  2 merfolk impalers
  Josephine (D:11)
  A fire dragon (Depths:1)
  5 merfolk javelineers (Swamp:3)
  12 hydras
  2 ghost crabs
  10 alligators
  2 rakshasas (D:15)
  3 centaur warriors
  2 spriggan air magi
  A catoblepas (D:15)
  4 tengu warriors
  5 boulder beetles
  A deep troll earth mage (Depths:1)
  5 two-headed ogres
  5 orc high priests (Orc:2)
  A vampire mage (Depths:1)
  4 thrashing horrors (Lair:5)
  An occultist (D:15)
  Urug (D:14)
  An iron troll (D:15)
  A skyshark (Lair:3)
  Nergalle (Lair:3)
  6 skeletal warriors
  2 deep trolls (Depths:1)
  7 spriggan druids
  A spectral hydra (Lair:2)
  7 swamp dragons
  10 goliath frogs
  A glowing orange brain (Depths:1)
  5 bog bodies
  8 deep elf pyromancers
  A harpy (shapeshifter) (D:15)
  5 deep elf zephyrmancers
  2 necromancers
  An oklob plant (Lair:5)
  3 orc knights (Orc:2)
  A will-o-the-wisp (Swamp:4)
  A frost giant zombie (Depths:1)
  A manticore (D:12)
  2 orc sorcerers
  A fire giant zombie (Depths:1)
  18 ugly things
  A cyclops (D:11)
  Maurice (D:8)
  A frost giant skeleton (Depths:1)
  A torpor snail (Lair:5)
  A black mamba (shapeshifter) (D:14)
  6 black mambas
  2 gargoyles
  20 cane toads
  A smoke demon (Lair:5)
  Maggie (D:6)
  An unseen horror (shapeshifter) (D:15)
  2 cane toads (shapeshifter) (Lair:5)
  4 rime drakes
  Jeremiah (D:8)
  7 komodo dragons
  5 tengu conjurers
  2 efreet (D:15)
  A yaktaur (D:15)
  2 polar bears
  13 merfolk (Swamp:3)
  5 trolls
  2 bloated husks
  6 hornets
  2 raiju (Lair:5)
  28 blink frogs
  15 tyrant leeches
  3 dream sheep (Lair:5)
  2 spriggans
  A spriggan (shapeshifter) (Lair:5)
  6 wraiths
  3 wyverns
  40 yaks
  3 vampires
  16 humans
  Grum (Lair:1)
  2 redbacks (Lair:3)
  A spectral komodo dragon (Lair:2)
  4 vampire mosquitoes
  5 basilisks
  2 wargs
  15 swamp worms
  2 chaos spawn (Lair:5)
  Edmund (D:6)
  13 water moccasins
  A water moccasin (shapeshifter) (D:15)
  2 spectral yaks (Lair:2)
  2 ice beasts (D:6)
  A meliai simulacrum (D:14)
  3 swamp drakes
  51 orc warriors
  A black bear (shapeshifter) (Lair:5)
  3 boggarts (D:15)
  An ettin simulacrum (Depths:1)
  3 sky beasts
  9 ogres
  26 wolves
  3 centaurs
  8 bullfrogs
  3 kobold brigands
  A spectral water moccasin (Lair:2)
  13 small abominations (Lair:5)
  4 scorpions
  11 wights
  2 electric eels
  A howler monkey (D:5)
  8 jellies
  A human zombie (D:10)
  A hound (D:6)
  34 orc priests
  29 orc wizards
  Ijyb (D:5)
  An iguana (D:6)
  12 adders
  7 gnolls
  3 white imps
  2 worms
  4 dart slugs
  90 orcs
  6 endoplasms
  3 giant cockroaches
  2 hobgoblins
  7 jackals
  20 kobolds
  5 quokkas
  8 ball pythons
  5 bats
  3 frilled lizards
  9 goblins
  5 rats
854 creatures vanquished.

Vanquished Creatures (others)
  An alligator (Swamp:4)
  4 merfolk (Swamp:3)
  2 bloated husks
  A human (D:14)
  A swamp drake (Swamp:4)
  3 orcs
  2 foxfires (Swamp:4)
14 creatures vanquished.

Grand Total: 868 creatures vanquished

Notes
Turn   | Place    | Note
-------+----------+-------------------------------------------
     0 | D:1      | Absurdism the Hill Orc Fighter began the quest for the Orb.
     0 | D:1      | Reached XP level 1. HP: 19/19 MP: 1/1
    54 | D:1      | Reached XP level 2. HP: 26/26 MP: 2/2
   465 | D:1      | Reached XP level 3. HP: 31/31 MP: 3/3
   717 | D:2      | Reached skill level 5 in Axes
   891 | D:2      | Reached XP level 4. HP: 12/39 MP: 4/4
  1696 | D:3      | Found Peshroim's Distillery.
  1701 | D:3      | Bought a potion of heal wounds for 50 gold pieces
  2132 | D:3      | Reached XP level 5. HP: 45/45 MP: 5/5
  2277 | D:3      | Found a sacrificial altar of Ru.
  2449 | D:4      | Found a transporter.
  2457 | D:4      | Found a transporter.
  2463 | D:4      | Noticed Azuvok's ghost (amateur MiGl)
  2525 | D:4      | Noticed an ogre
  2536 | D:4      | Killed an ogre
  2544 | D:4      | Noticed an ogre
  2556 | D:4      | Killed an ogre
  2557 | D:4      | Reached XP level 6. HP: 14/51 MP: 6/6
  3047 | D:4      | Reached XP level 7. HP: 54/55 MP: 7/7
  3142 | D:4      | Found Ruduasmeu's Assorted Antiques.
  3150 | D:4      | Bought a scroll labelled TICULEANOTO for 27 gold pieces
  3568 | D:5      | Entered Level 5 of the Dungeon
  3615 | D:5      | Reached skill level 10 in Axes
  3651 | D:5      | Noticed Ijyb
  3659 | D:5      | Killed Ijyb
  3775 | D:5      | Found Gasaita's Assorted Antiques.
  3985 | D:5      | Found an ornate altar of the Wu Jian Council.
  3994 | D:5      | Reached XP level 8. HP: 64/64 MP: 8/8
  4426 | D:5      | Found a shimmering altar of Xom.
  4669 | D:6      | Found a staircase to the Ecumenical Temple.
  4684 | Temple   | Entered the Ecumenical Temple
  4742 | Temple   | Became a worshipper of Warmaster Okawaru
  4796 | D:6      | Noticed Edmund
  4808 | D:6      | Killed Edmund
  5038 | D:6      | Noticed Maggie
  5039 | D:6      | Reached skill level 4 in Armour
  5039 | D:6      | Reached XP level 9. HP: 70/70 MP: 9/9
  5051 | D:6      | Killed Maggie
  5051 | D:6      | Reached * piety under Okawaru
  5052 | D:6      | Reached skill level 5 in Armour
  5229 | D:6      | Reached skill level 6 in Armour
  5334 | D:6      | Found Apla's Assorted Antiques.
  5397 | D:6      | Found an opulent altar of Gozag.
  5465 | D:6      | Found a hide-covered altar of Uskayaw.
  5564 | D:6      | Found a glowing silver altar of Zin.
  5712 | D:7      | Reached skill level 7 in Armour
  5992 | D:7      | Reached skill level 8 in Armour
  6010 | D:7      | Reached ** piety under Okawaru
  6181 | D:7      | Identified a scroll of acquirement
  6181 | D:7      | Acquired the +12 crystal plate armour of Shadows and Fog
                  | {-Tele Fly rPois rN+++}
  6278 | D:7      | Found a broken altar of Ashenzari.
  6330 | D:7      | Reached skill level 9 in Armour
  6630 | D:8      | Reached XP level 10. HP: 54/77 MP: 10/10
  6680 | D:8      | Noticed Gastronok
  6700 | D:8      | Killed Gastronok
  6701 | D:8      | Reached skill level 11 in Armour
  6738 | D:8      | Found a burning altar of Makhleb.
  6795 | D:8      | Noticed Maurice
  6803 | D:8      | Something stole a +1 broad axe
  6804 | D:8      | Something stole 341 gold
  6834 | D:8      | Killed Maurice
  6834 | D:8      | Reached *** piety under Okawaru
  6878 | D:8      | Noticed Jeremiah
  6909 | D:8      | Killed Jeremiah
  6910 | D:8      | Reached skill level 12 in Armour
  7516 | D:8      | You are sucked into a shaft and drop 3 floors!
  7516 | D:11     | Found a staircase to the Lair.
  7596 | D:11     | Noticed a two-headed ogre
  7603 | D:11     | Reached skill level 13 in Armour
  7618 | D:11     | Killed a two-headed ogre
  7618 | D:11     | Reached **** piety under Okawaru
  7629 | D:11     | Reached XP level 11. HP: 70/82 MP: 11/11
  7668 | D:11     | Noticed a skeletal warrior
  7668 | D:11     | Noticed a skeletal warrior
  7668 | D:11     | Noticed a skeletal warrior
  7682 | D:11     | Killed a skeletal warrior
  7683 | D:11     | Reached skill level 14 in Armour
  7692 | D:11     | Killed a skeletal warrior
  7709 | D:11     | Killed a skeletal warrior
  7765 | D:11     | Noticed a cyclops
  7781 | D:11     | Killed a cyclops
  7839 | D:10     | Entered Level 10 of the Dungeon
  7839 | D:10     | Found a runed translucent door.
  7856 | D:10     | Found a basalt altar of Yredelemnul.
  7879 | D:10     | Reached skill level 15 in Armour
  7891 | D:10     | Found a staircase to the Orcish Mines.
  8277 | D:9      | Reached ***** piety under Okawaru
  8280 | D:9      | Reached skill level 5 in Fighting
  8319 | D:9      | Found a runed translucent gate.
  8319 | D:9      | Found a runed translucent gate.
  8319 | D:9      | Found a runed translucent gate.
  8322 | D:9      | Found an opulent altar of Gozag.
  8323 | D:9      | Noticed an obsidian statue
  8323 | D:9      | Noticed a purple ugly thing
  8326 | D:9      | Noticed chuckiee3's ghost (journeyman MiFi)
  8326 | D:9      | Found Coveteaps's Assorted Antiques.
  8787 | D:10     | Noticed a two-headed ogre
  8799 | D:10     | Killed a two-headed ogre
  8822 | D:10     | Found a hazy altar of Hepliaklqana.
  8983 | D:10     | Found a sparkling altar of Nemelex Xobeh.
  9479 | D:11     | Noticed Josephine
  9488 | D:11     | Noticed a boulder beetle
  9494 | D:11     | Killed Josephine
  9527 | D:11     | Killed a boulder beetle
  9566 | D:11     | Noticed a deep elf pyromancer
  9567 | D:11     | Reached skill level 5 in Shields
  9568 | D:11     | Received a gift from Okawaru
  9569 | D:11     | Reached XP level 12. HP: 90/101 MP: 12/12
  9861 | D:11     | Received a gift from Okawaru
 10180 | D:12     | Reached skill level 10 in Shields
 10320 | D:12     | Noticed a boulder beetle
 10368 | D:12     | Killed a boulder beetle
 10377 | D:12     | Identified the +1 leather armour of Pan-Flutes {^Drain rN+
                  | Str+3}
 10746 | D:13     | Noticed a boulder beetle
 10766 | D:13     | Killed a boulder beetle
 10799 | D:13     | Noticed a two-headed ogre
 10808 | D:13     | Killed a two-headed ogre
 10918 | D:13     | Found a transporter.
 10939 | D:13     | Noticed an eight-headed hydra
 11160 | D:13     | Noticed RuneEnjoyer's ghost (journeyman HOFi)
 11160 | D:13     | Noticed a seven-headed hydra
 11170 | D:13     | Found a transporter.
 11653 | D:13     | Found a white marble altar of Elyvilon.
 11708 | D:13     | Noticed a tengu warrior
 11723 | D:13     | Killed a tengu warrior
 11787 | D:14     | Noticed a two-headed ogre
 11787 | D:14     | Noticed a centaur warrior
 11787 | D:14     | Noticed a boulder beetle
 11787 | D:14     | Noticed Urug
 11787 | D:14     | Found a gate to the Vaults.
 11796 | D:13     | Received a gift from Okawaru
 11800 | D:13     | Reached XP level 13. HP: 107/107 MP: 13/13
 11911 | D:13     | HP: 2/107 [white ugly thing (34)]
 12151 | D:14     | HP: 1/108 [white ugly thing (30)]
 12158 | D:14     | Killed Urug
 12158 | D:14     | Reached ****** piety under Okawaru
 12199 | D:14     | Acquired a +4 broad axe of freezing
 12199 | D:14     | Received a gift from Okawaru
 12202 | D:14     | Acquired the +4 pair of gloves of Vampiric Thralls {rElec
                  | Int+3 Dex+3}
 12202 | D:14     | Received a gift from Okawaru
 12254 | D:14     | Received a gift from Okawaru
 12284 | D:14     | Identified the +8 scimitar of Instinct {flame, rElec Int+2}
 12370 | D:14     | Reached skill level 10 in Fighting
 12471 | D:14     | Noticed Agnes
 12487 | D:14     | Killed Agnes
 12852 | D:15     | Entered Level 15 of the Dungeon
 12903 | D:14     | Received a gift from Okawaru
 13148 | D:15     | Noticed a rakshasa
 13163 | D:15     | Killed a rakshasa
 13172 | D:15     | Reached XP level 14. HP: 95/129 MP: 14/14
 13540 | D:15     | Received a gift from Okawaru
 13614 | D:15     | Found a staircase to the Depths.
 13895 | Orc:1    | Entered Level 1 of the Orcish Mines
 14135 | Orc:1    | Found Dstruomits's Desiderata Depot.
 14343 | Orc:2    | Entered Level 2 of the Orcish Mines
 14407 | Orc:2    | Found a staircase to the Elven Halls.
 14431 | Orc:2    | Noticed an orc warlord
 14467 | Orc:2    | Killed an orc warlord
 14468 | Orc:2    | Reached skill level 15 in Axes
 14557 | Orc:2    | Found a roughly hewn altar of Beogh.
 15058 | Orc:2    | Received a gift from Okawaru
 15429 | Orc:2    | Gained mutation: You are weak. (Str -2) [a neqoxec]
 15482 | Orc:2    | Found Oskebb's Distillery.
 15485 | Orc:2    | Found Kynuytwa's Antique Armour Emporium.
 15486 | Orc:2    | Found Lixough's Distillery.
 15487 | Orc:2    | Found Zodghier's Assorted Antiques.
 15493 | Orc:2    | Bought a potion of heal wounds for 60 gold pieces
 15493 | Orc:2    | Bought a potion of haste for 120 gold pieces
 15493 | Orc:2    | Bought 2 potions of curing for 72 gold pieces
 15499 | Orc:2    | Bought a potion of heal wounds for 70 gold pieces
 15499 | Orc:2    | Bought a potion of might for 56 gold pieces
 15682 | Lair:1   | Entered Level 1 of the Lair of Beasts
 15792 | Lair:1   | Received a gift from Okawaru
 15859 | Lair:1   | Noticed Grum
 15883 | Lair:1   | Killed Grum
 16021 | Orc:1    | Bought a manual of Dodging for 1120 gold pieces
 16236 | Lair:1   | Reached skill level 1 in Dodging
 16874 | Lair:2   | Reached XP level 15. HP: 138/138 MP: 15/15
 17006 | Lair:2   | Reached skill level 5 in Dodging
 17172 | Lair:2   | Received a gift from Okawaru
 17182 | Lair:2   | Found a staircase to the Swamp.
 17620 | Lair:3   | Noticed Nergalle
 17632 | Lair:3   | Killed Nergalle
 17794 | Lair:3   | Found a hole to the Spider Nest.
 19134 | Lair:4   | Found a staircase to the Slime Pits.
 19145 | Lair:4   | You are sucked into a shaft and drop 1 floor!
 19145 | Lair:5   | Entered Level 5 of the Lair of Beasts
 19202 | Lair:5   | Reached skill level 10 in Dodging
 19231 | Lair:5   | Received a gift from Okawaru
 19528 | Lair:5   | Received a gift from Okawaru
 20065 | Lair:5   | Received a gift from Okawaru
 20145 | Lair:5   | Reached XP level 16. HP: 146/146 MP: 16/16
 20156 | Lair:5   | Found a corrupted altar of Lugonu.
 20156 | Lair:5   | Found a one-way gate to the infinite horrors of the Abyss.
 20685 | Depths:1 | Entered Level 1 of the Depths
 20709 | Depths:1 | Reached skill level 16 in Armour
 20762 | Depths:1 | Received a gift from Okawaru
 20955 | Depths:1 | Noticed a lich
 20970 | D:15     | Killed a lich
 20971 | D:15     | Reached skill level 17 in Armour
 21105 | Depths:1 | Noticed a tengu reaver
 21146 | Depths:1 | Killed a tengu reaver
 21146 | Depths:1 | Received a gift from Okawaru
 21529 | Swamp:1  | Entered Level 1 of the Swamp
 21791 | D:5      | Bought a scroll of brand weapon for 266 gold pieces
 22165 | Swamp:1  | Reached skill level 18 in Armour
 22281 | Swamp:1  | Acquired 1023 gold pieces
 22306 | Swamp:1  | Noticed a fenstrider witch
 22315 | Swamp:1  | Paralysed by a fenstrider witch for 5 turns
 22324 | Swamp:1  | Killed a fenstrider witch
 22470 | Swamp:1  | Identified the +4 trident of Temperance {antimagic, Fly
                  | rElec Int+2}
 22691 | D:6      | Fell from the grace of Okawaru
 22691 | D:6      | Became a worshipper of Gozag Ym Sagoz the Greedy
 23165 | Swamp:1  | Noticed a deep elf master archer
 23176 | Swamp:1  | Killed a deep elf master archer
 23395 | Swamp:2  | Reached skill level 19 in Armour
 23908 | Swamp:3  | Reached XP level 17. HP: 112/152 MP: 17/17
 23959 | Swamp:3  | Noticed a titan
 23959 | Swamp:3  | Noticed a titan
 23965 | Swamp:3  | Killed a titan
 23967 | Swamp:3  | Killed a titan
 24171 | Swamp:3  | Identified the serpent talisman of the Desert {rF+++ Str+4
                  | Int-4}
 24171 | Swamp:3  | Noticed Aizul
 24189 | Swamp:3  | Killed Aizul
 24277 | Swamp:3  | Reached skill level 20 in Armour
 24474 | Swamp:3  | Noticed a titan
 24483 | Swamp:3  | Killed a titan
 24574 | Swamp:3  | Noticed a deep elf master archer
 24583 | Swamp:3  | Killed a deep elf master archer
 24736 | Swamp:4  | Entered Level 4 of the Swamp
 25000 | Swamp:4  | Reached skill level 15 in Shields
 25207 | Swamp:4  | Noticed a titan
 25279 | Swamp:3  | HP: 7/152 [titan[the fury of Okawaru] (4)]
 25280 | Swamp:3  | Slain by a naga warrior

Illustrated notes

Levels and vault maps discovered:
D:1:      dpeg_arrival_prison, layout_rooms
D:2:      layout_basic, minmay_circle_x
D:3:      layout_loops_corners, nicolae_ru_path_of_blood, serial_shops,
          nicolae_shop_back_alley_shop
D:4:      layout_loops_corners, serial_shops, shop, gammafunk_ghost_stat_death,
          minmay_misc_feat_plants
D:5:      layout_basic, mainiacjoe_overflow_brackets, nzn_wu_jian_contemplation,
          serial_shops, shop, hangedman_decor_riveting, uniq_ijyb
D:6:      minmay_spotlight, layout_loops_cross,
          mainiacjoe_overflow_surrounded_room, old_standard_altar,
          zin_scriptorium, minmay_temple_entry_statues_pillars, serial_shops,
          nicolae_shop_tiny_real_fake_doors, minmay_misc_feat_columns,
          uniq_edmund, uniq_maggie
D:7:      layout_basic, nicolae_overflow_crystal_walls, serial_corexii_hall,
          corexii_hall_statues_l, corexii_hall_statues_i,
          corexii_hall_statues_x, corexii_hall_statues_i, st_stairs_12
D:8:      layout_gridville, mainiacjoe_overflow_alcove_2, uniq_maurice,
          uniq_jeremiah, uniq_gastronok
D:9:      layout_big_octagon, ebering_ghost_gozag, grunt_decor_fettered
D:10:     layout_layer_cave, nemelex_spade_bored_becter,
          nzn_hepliaklqana_mist_gate, dk_yredelemnul_ordeal, orc_david_3
D:11:     layout_basic, lair_entry_dummy, elves_outpost_lemuel, uniq_josephine
D:12:     layout_basic, nicolae_houndstooth_variations
D:13:     layout_layer_cave, nzn_ghost_randoct, nicolae_elyvilon_temple_path
D:14:     layout_long_grid, david_vaults_3, grunt_decor_arrowhead,
          minmay_more_statues, uniq_agnes
D:15:     hangedman_depths_entry_civil_slaughter, layout_long_grid,
          serial_glass, glass_columns_a, glass_columns_c, glass_columns_a,
          glass_columns_b, serial_library_hellmonk_open_cross
Temple:   grunt_temple_mini_profane
Lair:1:   layout_regular_city, beast_lair_carwin_8, uniq_grum
Lair:2:   layout_roguey, nicolae_swamp_entry_spooky, infiniplex_staircase_pool
Lair:3:   layout_cellular_growth, spider_nest_entry_webs, uniq_nergalle
Lair:4:   layout_big_grid, nicolae_slime_entry_field_trip, wad_woods_06,
          minmay_hedge_maze
Lair:5:   hellmonk_lair_end_abyssal_woods, layout_gridlike, dpeg_oklob_1,
          lemuel_fruit_tree
Swamp:1:  nicolae_swamp_standing_stones, layout_falls_marsh,
          evilmike_swamp_ruin_house_6, swamp_pool_1_2,
          nicolae_swamp_bloodsuckers_inc
Swamp:2:  layout_basic_swamp, nicolae_swamp_fairy_circle,
          infiniplex_staircase_pool_2
Swamp:3:  layout_basic_swamp, evilmike_swamp_ruin_house_4, uniq_aizul
Swamp:4:  swamp_basic_johnstein, layout_basic_swamp
Orc:1:    layout_diamond_mine, nicolae_alphabet_shops
Orc:2:    st_orc_pillars, layout_caves, basic_altar
Depths:1: layout_cave_pools, enter_ziggurat_d, serial_shops, shop,
          nicolae_abyss_entry_one_way_or_another, cheibriados_altar_2,
          hell_entry, hangedman_aerie_drop, uniq_enchantress

Skill      XL: |  1  2  3  4  5  6  7  8  9 10 11 12 13 14 15 16 17 |
---------------+----------------------------------------------------+-----
Axes           | 3 4 5 6 8 9 11 14 18 | 18.1
Armour         | 4 9 13 15 19 20 | 20.1
Fighting       | 8 13 14 | 14.2
Shields        | 5 12 14 15 | 15.6
Dodging        | 3 12 | 12.6

Action                     |  1- 3 |  4- 6 |  7- 9 | 10-12 | 13-15 | 16-18 || total
---------------------------+-------+-------+-------+-------+-------+-------++-------
  Melee: War axe           |   108 |   132 |   316 |    44 |       |       ||   600
         Broad axe         |       |       |       |   577 |  1249 |   649 ||  2475
         Unarmed           |       |       |       |     8 |       |       ||     8
 Invoke: Heroism           |       |       |     1 |     5 |    12 |     4 ||    22
         Receive Weapon    |       |       |       |       |     1 |       ||     1
         Receive Armour    |       |       |       |       |     1 |       ||     1
  Evoke: Wand              |       |       |     1 |       |     1 |     1 ||     3
    Use: Scroll            |     5 |     7 |     8 |     4 |     8 |     7 ||    39
         Potion            |       |       |     2 |       |     3 |       ||     5
   Stab: Distracted        |       |       |       |       |       |     3 ||     3
         Paralysed         |       |       |       |       |       |     2 ||     2
 Armour: Scale mail        |    91 |    79 |   173 |       |       |       ||   343
         Crystal plate arm |       |       |    44 |   746 |  1071 |   959 ||  2820
         Skin              |       |       |       |    13 |       |       ||    13
  Dodge: Dodged            |    64 |    62 |    81 |   141 |   511 |   612 ||  1471
         Repelled          |       |       |       |     8 |     4 |    21 ||    33
  Block: Buckler           |    33 |    28 |    55 |   179 |   500 |   362 ||  1157

Table legend: (Time is in decaauts)
 A = Elapsed time spent in this place.
 B = Non-inter-level travel time spent in this place.
 C = Inter-level travel time spent in this place.
 D = Time resting spent in this place.
 E = Time spent auto-exploring this place.
 F = Levels seen in this place.
 G = Mean time per level.
                   A        B        C        D        E       F      G
               +--------+--------+--------+--------+--------+-----+--------+
         Total |  25085 |  22563 |   2522 |   2864 |  12948 |  28 |  895.9 |
       Dungeon |  15350 |  13611 |   1739 |   1807 |   8475 |  15 | 1023.3 |
        Temple |    110 |    110 |      0 |      0 |      0 |   1 |  110.0 |
          Lair |   4674 |   4068 |    606 |    109 |   2933 |   5 |  934.8 |
         Swamp |   3021 |   2926 |     95 |    807 |    768 |   4 |  755.2 |
  Orcish Mines |   1703 |   1623 |     80 |    124 |    750 |   2 |  851.5 |
        Depths |    224 |    224 |      0 |     17 |     22 |   1 |  224.0 |
               +--------+--------+--------+--------+--------+-----+--------+

Top non-repeatable levels by time:
    D:13: 1453 daAuts
    D:15: 1427 daAuts
 Swamp:3: 1241 daAuts
    D:10: 1233 daAuts
  Lair:5: 1209 daAuts
    D:11: 1192 daAuts
     D:6: 1187 daAuts
     D:4: 1123 daAuts
     D:7: 1088 daAuts
     D:5: 1072 daAuts
   Orc:2: 1047 daAuts
 Swamp:1: 1035 daAuts
  Lair:1: 1023 daAuts
  Lair:2: 996 daAuts
     D:8: 938 daAuts
